 Dungeon Crawl Stone Soup version 0.31-a0-222-gefeffbb62a (webtiles) character file.

Game seed: 10283481540125023964

43306 qw the Severer (level 14, -5/92 HPs)
             Began as a Gargoyle Fighter on July 5, 2023.
             Was an Elder of Okawaru.
             Slain by a death yak (16 damage)
             ... on level 5 of the Lair of Beasts.
             The game lasted 00:09:02 (16018 turns).

qw the Severer (Gargoyle Fighter)                  Turns: 16018, Time: 00:09:03

Health: -5/92      AC: 35    Str: 30      XL:     14   Next: 23%
Magic:  21/21      EV: 12    Int:  8      God:    Okawaru [****..]
Gold:   1123       SH:  7    Dex: 14 (15) Spells: 13/13 levels left

rFire   + + .        y - +8 morningstar of Dung {freeze, rF+ Str+4}
rCold   . . .        c - +0 buckler
rNeg    + . .        s - +0 plate armour
rPois   inf          g - +2 hat
rElec   +            (no cloak)
rCorr   .            f - +0 pair of gloves
SInv    .            v - +1 pair of boots
Will    +....        (no amulet) Stlth
                     l - ring of protection from fire
HPRegen 0.35/turn    z - +6 ring of dexterity
MPRegen 0.17/turn

%: no passive effects
@: about to teleport, heroic, flying
A: sickness immunity, AC +10, big wings, negative energy resistance 1,
electricity resistance, torment resistance 1, petrification resistance,
iridescent scales 1, deterioration 1
a: Renounce Religion, Heroism, Finesse


You were on level 5 of the Lair of Beasts.
You worshipped Okawaru.
Okawaru was greatly pleased with you.
You visited 3 branches of the dungeon, and saw 16 of its levels.

You collected 1123 gold pieces.


Innate Abilities, Weirdness & Mutations

You are immune to sickness and miasma.
Your stone body is resilient. (AC +10)
You are immune to poison.
Your large and strong wings let you fly.
You resist negative energy. (rN+)
You are resistant to electric shocks. (rElec)
You are resistant to unholy torment.
You are immune to petrification.
You are partially covered in iridescent scales. (AC +2)
Your body sometimes deteriorates upon taking damage.


   Skills:
 - Level 12.0(17.0) Fighting
 + Level 15.1(20.1) Axes
 - Level 2.0(7.0) Throwing
 - Level 10.1(15.1) Armour
 - Level 4.0(9.0) Dodging
 - Level 7.3(12.3) Shields
 - Level 10.1 Invocations


You had 13 spell levels left.
You didn't know any spells.
Your spell library was empty.

Inventory:

Hand Weapons
 a - a +1 spectral war axe
 p - the +0 hand axe "Elie" {venom, rCorr Int+3}
   (You found it on level 4 of the Dungeon)

   Int:       It affects your intelligence (+3).
   rCorr:     It protects you from acid and corrosion.
 w - a +2 war axe
 y - the +8 morningstar of Dung (weapon) {freeze, rF+ Str+4}
   (You found it on level 10 of the Dungeon)

   Str:       It affects your strength (+4).
   rF:        It protects you from fire.
Armour
 c - a +0 buckler (worn)
 f - a +0 pair of gloves (worn)
 g - a +2 hat (worn)
 s - a +0 plate armour (worn)
 v - a +1 pair of boots (worn)
 x - +0 acid dragon scales
Jewellery
 l - a ring of protection from fire (left hand)
 z - a +6 ring of dexterity (right hand)
 Y - a ring of positive energy
Wands
 i - a wand of digging (2)
Scrolls
 q - 2 scrolls of identify
 t - 2 scrolls of teleportation
Potions
 b - a potion of haste
 d - 3 potions of might
 e - 2 potions of magic
 h - 2 potions of mutation
 j - 2 potions of enlightenment
 k - a potion of attraction
 m - a potion of resistance
 n - 3 potions of curing

Dungeon Overview and Level Annotations

Branches:
Dungeon (10/15)            Temple (1/1) D:6            Lair (5/5) D:10
 Shoals (0/4) Lair:3        Snake (0/4) Lair:3        Slime (0/5) Lair:5
    Orc (0/2) D:10

Altars:
Ashenzari
Cheibriados
Dithmenos
Elyvilon
Fedhas
Gozag
Hepliaklqana
Kikubaaqudgha
Makhleb
Nemelex Xobeh
Okawaru
Qazlal
Ru
Sif Muna
Trog
Uskayaw
Vehumet
Wu Jian
Xom
Yredelemnul
Zin
The Shining One
Jiyva

Shops:
D:6 (

Annotations:
D:9 2 transporters, qw's ghost, novice MiHu
D:10 exclusion: obsidian statue


Message History

Enter note:
Enter note:
Enter note:
Enter note:
Enter note:
Enter note:
Enter note:
Enter note:
Enter note:
Enter note:
Enter note:
Enter note:
Enter note:
Enter note:
Enter note:
16016 ||| READING 3 scrolls of teleportation.
As you read the scroll of teleportation, it crumbles to dust.
You feel strangely unstable.
The seven-headed hydra bites you but does no damage.
The seven-headed hydra closely misses you.
The seven-headed hydra bites you but does no damage.
You block the seven-headed hydra's attack.
The seven-headed hydra bites you but does no damage.
The seven-headed hydra bites you.
The seven-headed hydra bites you but does no damage.
16017 ||| SWAPPING to +8 morningstar of Dung {freeze, rF+ Str+4}.
You feel stronger.
The +8 morningstar of Dung {freeze, rF+ Str+4} glows with a cold blue light!
y - the +8 morningstar of Dung (weapon)
{freeze, rF+ Str+4} You hit the death yak.
You freeze the death yak.
The death yak is severely wounded.
The seven-headed hydra closely misses you.
You block the seven-headed hydra's attack.
The seven-headed hydra barely misses you.
The seven-headed hydra bites you.
The seven-headed hydra barely misses you.
You block the seven-headed hydra's attack.
The seven-headed hydra bites you but does no damage.
The death yak gores you!
You die...

#............##..##
#............##..P#
#......#....####..##
##..#####P..## #.#.#
#...%%..##### ##..##
#...#%..########..## ###
#.......#.?..P##...# ###..
##..#####$$$..##..## #....
#P...#.#@)...##..## #.... #######
##.....#DY...##...####.._
##..#P####...(%%....###....P[....
........##....#.#..###...........
.........###......####...........
.........##...P#.###.............
..........#########..............
............######...............
.................................


You could see a death yak and a seven-headed hydra.

Vanquished Creatures
  A hydra (Lair:5)
  2 catoblepae
  Erica (D:9)
  2 two-headed ogres
  8 death yaks
  2 skysharks
  A lindwurm (Lair:5)
  Pikel (D:8)
  An oklob plant (Lair:5)
  2 manticores (Lair:5)
  A salamander (Lair:3)
  8 elephants (Lair:5)
  5 black mambas
  Joseph (D:9)
  A torpor snail (D:10)
  11 cane toads
  2 kobold demonologists (D:9)
  3 rime drakes
  4 komodo dragons
  2 tengu conjurers (D:10)
  2 polar bears
  18 blink frogs
  8 dream sheep (Lair:5)
  A shadow (D:10)
  3 wyverns
  2 spriggans (Lair:1)
  44 yaks
  2 basilisks
  2 steam dragons
  Grum (Lair:1)
  An acid dragon (D:9)
  11 water moccasins
  An orc warrior (D:7)
  A sky beast (D:8)
  2 black bears (D:10)
  An ice beast (D:8)
  12 wolves
  3 centaurs
  3 phantoms
  2 kobold brigands (D:8)
  16 bullfrogs
  A gnoll sergeant (D:5)
  3 necrophages (D:7)
  4 scorpions
  3 wyvern zombies (D:7)
  14 wights
  14 killer bees
  4 howler monkeys
  3 lava snakes (Lair:3)
  A centaur zombie (D:7)
  2 hounds
  A human zombie (D:7)
  3 jellies
  2 orc priests (D:7)
  4 gnoll boudas
  Jessica (D:2)
  3 orc wizards (D:7)
  A sleepcap (D:4)
  4 iguanas
  5 hell rats (Lair:3)
  3 killer bee zombies (D:7)
  8 adders
  24 gnolls
  2 ufetubi
  A worm (D:4)
  5 dart slugs
  14 orcs
  9 endoplasms
  4 giant cockroaches
  7 hobgoblins
  6 quokkas
  9 ball pythons
  6 bats
  4 frilled lizards
  13 goblins
  13 kobolds
  6 rats
402 creatures vanquished.

Vanquished Creatures (others)
  A gnoll (D:8)
  5 spectral weapons
6 creatures vanquished.

Grand Total: 408 creatures vanquished

Notes
Turn   | Place    | Note
-------+----------+-------------------------------------------
     0 | D:1      | qw the Gargoyle Fighter began the quest for the Orb.
     0 | D:1      | Reached XP level 1. HP: 14/14 MP: 1/1
     0 | D:1      | 0 ||| qw: Version: 0.3-a-46-gb1f654a
     0 | D:1      | 0 ||| qw: Game counter: 1015
     0 | D:1      | 0 ||| qw: Melee chars always use a shield: true
     0 | D:1      | 0 ||| qw: God list: Okawaru
     0 | D:1      | 0 ||| qw: Allow faded altars: false
     0 | D:1      | 0 ||| qw: Do Orc after clearing Dungeon:15 true
     0 | D:1      | 0 ||| qw: Do second Lair branch before Depths: true
     0 | D:1      | 0 ||| qw: Lair rune preference: random
     0 | D:1      | 0 ||| qw: Goals: Normal, Zot:1-4, Slime:5, God:TSO, Crypt,
                  | Tomb, Abyss, Pan, Hells, Win
     0 | D:1      | 0 ||| PLANNING D:1-11
    43 | D:1      | Reached skill level 2 in Axes
    47 | D:1      | 47 ||| FLEEEEING.
    48 | D:1      | 48 ||| FLEEEEING.
    49 | D:1      | 49 ||| FLEEEEING.
    50 | D:1      | 50 ||| FLEEEEING.
    51 | D:1      | 51 ||| FLEEEEING.
    52 | D:1      | 52 ||| FLEEEEING.
    53 | D:1      | 53 ||| FLEEEEING.
    54 | D:1      | 54 ||| FLEEEEING.
    55 | D:1      | 55 ||| FLEEEEING.
    56 | D:1      | 56 ||| FLEEEEING.
    57 | D:1      | 57 ||| FLEEEEING.
    59 | D:1      | 59 ||| FLEEEEING.
    60 | D:1      | 60 ||| FLEEEEING.
    61 | D:1      | 61 ||| FLEEEEING.
    62 | D:1      | 62 ||| FLEEEEING.
    67 | D:1      | 67 ||| FLEEEEING.
    75 | D:1      | Reached XP level 2. HP: 11/19 MP: 2/2
   228 | D:1      | 228 ||| FLEEEEING.
   229 | D:1      | 229 ||| FLEEEEING.
   230 | D:1      | 230 ||| FLEEEEING.
   231 | D:1      | 231 ||| FLEEEEING.
   232 | D:1      | 232 ||| FLEEEEING.
   233 | D:1      | 233 ||| FLEEEEING.
   234 | D:1      | 234 ||| FLEEEEING.
   234 | D:1      | Found a faded altar of an unknown god.
   235 | D:1      | 235 ||| FLEEEEING.
   236 | D:1      | 236 ||| FLEEEEING.
   237 | D:1      | 237 ||| FLEEEEING.
   238 | D:1      | 238 ||| FLEEEEING.
   239 | D:1      | 239 ||| FLEEEEING.
   240 | D:1      | 240 ||| FLEEEEING.
   241 | D:1      | 241 ||| FLEEEEING.
   242 | D:1      | 242 ||| FLEEEEING.
   243 | D:1      | 243 ||| FLEEEEING.
   244 | D:1      | 244 ||| FLEEEEING.
   245 | D:1      | 245 ||| FLEEEEING.
   246 | D:1      | 246 ||| FLEEEEING.
   319 | D:1      | 319 ||| Stepping ~*~*~tactically~*~*~ (stealth).
   321 | D:1      | 321 ||| Stepping ~*~*~tactically~*~*~ (hiding).
   501 | D:1      | Reached skill level 3 in Axes
   553 | D:1      | Reached XP level 3. HP: 23/23 MP: 3/3
   709 | D:1      | 709 ||| UPGRADING to +0 pair of boots.
   714 | D:1      | 714 ||| UPGRADING to +0 chain mail.
   724 | D:1      | 724 ||| DROPPING +0 scale mail.
   725 | D:1      | 725 ||| READING scroll labelled DES OMNONIAGID.
   726 | D:1      | 726 ||| READING scroll labelled JUINEOR CYSAHA.
   730 | D:1      | 730 ||| READING scroll labelled EKKERU QEA.
   731 | D:1      | 731 ||| READING scroll labelled SUAM QEOMNA.
   832 | D:1      | 832 ||| READING scroll labelled ULAOST IPOIBE.
   845 | D:2      | 845 ||| Stepping ~*~*~tactically~*~*~ (stealth).
   853 | D:2      | 853 ||| Stepping ~*~*~tactically~*~*~ (stealth).
   881 | D:2      | 881 ||| Stepping ~*~*~tactically~*~*~ (stealth).
   897 | D:2      | 897 ||| FLEEEEING.
   898 | D:2      | 898 ||| FLEEEEING.
   907 | D:2      | 907 ||| Stepping ~*~*~tactically~*~*~ (hiding).
  1044 | D:2      | Found a glowing silver altar of Zin.
  1082 | D:2      | Noticed Jessica
  1083 | D:2      | 1083 ||| Stepping ~*~*~tactically~*~*~ (hiding).
  1198 | D:2      | 1198 ||| Stepping ~*~*~tactically~*~*~ (hiding).
  1506 | D:2      | Killed Jessica
  1507 | D:2      | Reached skill level 4 in Axes
  1507 | D:2      | Reached XP level 4. HP: 27/28 MP: 4/4
  1636 | D:2      | 1636 ||| READING scroll labelled ORCHUE IKHLUR.
  1704 | D:3      | 1704 ||| DROPPING +0 club.
  1750 | D:3      | 1750 ||| Stepping ~*~*~tactically~*~*~ (hiding).
  1792 | D:3      | 1792 ||| Stepping ~*~*~tactically~*~*~ (stealth).
  1800 | D:3      | 1800 ||| Stepping ~*~*~tactically~*~*~ (stealth).
  1803 | D:3      | 1803 ||| Stepping ~*~*~tactically~*~*~ (stealth).
  1826 | D:3      | 1826 ||| Stepping ~*~*~tactically~*~*~ (stealth).
  1888 | D:3      | 1888 ||| Stepping ~*~*~tactically~*~*~ (stealth).
  1934 | D:3      | Reached XP level 5. HP: 32/32 MP: 5/5
  2150 | D:3      | 2150 ||| Stepping ~*~*~tactically~*~*~ (stealth).
  2162 | D:3      | Reached skill level 5 in Axes
  2410 | D:3      | 2410 ||| DRINKING 3 murky puce potions.
  2411 | D:3      | 2411 ||| DRINKING 2 brown potions.
  2515 | D:4      | 2515 ||| Stepping ~*~*~tactically~*~*~ (stealth).
  2549 | D:4      | 2549 ||| Stepping ~*~*~tactically~*~*~ (stealth).
  2588 | D:4      | 2588 ||| DROPPING +0 mace.
  2641 | D:4      | 2641 ||| Stepping ~*~*~tactically~*~*~ (stealth).
  2670 | D:4      | 2670 ||| Stepping ~*~*~tactically~*~*~ (hiding).
  2670 | D:4      | Noticed a phantom
  2676 | D:4      | Killed a phantom
  2677 | D:4      | Reached XP level 6. HP: 37/38 MP: 6/6
  2690 | D:4      | Reached skill level 6 in Axes
  2704 | D:4      | Reached XP level 7. HP: 43/43 MP: 7/7
  2706 | D:4      | 2706 ||| Stepping ~*~*~tactically~*~*~ (stealth).
  2707 | D:4      | 2707 ||| Stepping ~*~*~tactically~*~*~ (stealth).
  2723 | D:4      | 2723 ||| Stepping ~*~*~tactically~*~*~ (stealth).
  2744 | D:4      | Reached skill level 1 in Dodging
  2917 | D:4      | Identified the +0 hand axe "Elie" {venom, rCorr Int+3}
  2936 | D:4      | 2936 ||| Stepping ~*~*~tactically~*~*~ (hiding).
  3145 | D:4      | 3145 ||| FLEEEEING.
  3146 | D:4      | 3146 ||| FLEEEEING.
  3192 | D:4      | 3192 ||| Stepping ~*~*~tactically~*~*~ (stealth).
  3193 | D:4      | 3193 ||| Stepping ~*~*~tactically~*~*~ (stealth).
  3348 | D:4      | 3348 ||| UPGRADING to +0 plate armour.
  3358 | D:4      | 3358 ||| DROPPING +0 chain mail.
  3359 | D:4      | 3359 ||| READING scroll labelled UFFEAK QUA.
  3381 | D:5      | Entered Level 5 of the Dungeon
  3434 | D:5      | 3434 ||| FLEEEEING.
  3435 | D:5      | 3435 ||| FLEEEEING.
  3437 | D:5      | 3437 ||| STAIRDANCE
  3523 | D:5      | 3523 ||| Stepping ~*~*~tactically~*~*~ (hiding).
  3524 | D:5      | 3524 ||| Stepping ~*~*~tactically~*~*~ (hiding).
  3525 | D:5      | 3525 ||| Stepping ~*~*~tactically~*~*~ (hiding).
  3533 | D:5      | Reached skill level 7 in Axes
  3698 | D:5      | Reached XP level 8. HP: 48/48 MP: 8/8
  3760 | D:5      | 3760 ||| Stepping ~*~*~tactically~*~*~ (hiding).
  3762 | D:5      | 3762 ||| Stepping ~*~*~tactically~*~*~ (hiding).
  3765 | D:5      | 3765 ||| Stepping ~*~*~tactically~*~*~ (stealth).
  3855 | D:5      | Found a blossoming altar of Fedhas.
  4053 | D:5      | 4053 ||| UPGRADING to ring of positive energy.
  4054 | D:5      | 4054 ||| READING scroll labelled XAVOIRGH JOXT.
  4086 | D:5      | 4086 ||| DRINKING 2 yellow potions.
  4087 | D:5      | 4087 ||| READING 2 scrolls of identify.
  4087 | D:5      | 4087 ||| IDENTIFYING inky potion
  4088 | D:5      | 4088 ||| DROPPING potion of brilliance.
  4125 | D:6      | 4125 ||| STAIRDANCE
  4165 | D:6      | Found Weof's Weapon Boutique.
  4200 | D:6      | Noticed a yak
  4200 | D:6      | Noticed a yak
  4200 | D:6      | Noticed a yak
  4201 | D:6      | 4201 ||| Stepping ~*~*~tactically~*~*~ (stealth).
  4206 | D:6      | Killed a yak
  4229 | D:6      | 4229 ||| FLEEEEING.
  4230 | D:6      | 4230 ||| FLEEEEING.
  4231 | D:6      | 4231 ||| FLEEEEING.
  4232 | D:6      | 4232 ||| FLEEEEING.
  4233 | D:6      | 4233 ||| FLEEEEING.
  4234 | D:6      | 4234 ||| FLEEEEING.
  4235 | D:6      | 4235 ||| FLEEEEING.
  4236 | D:6      | 4236 ||| FLEEEEING.
  4237 | D:6      | 4237 ||| FLEEEEING.
  4238 | D:6      | 4238 ||| FLEEEEING.
  4240 | D:6      | 4240 ||| FLEEEEING.
  4246 | D:6      | Killed a yak
  4247 | D:6      | Reached skill level 8 in Axes
  4301 | D:6      | Found a staircase to the Ecumenical Temple.
  4302 | D:6      | 4302 ||| PLANNING TEMPLE
  4309 | D:6      | Reached skill level 6 in Fighting
  4326 | D:6      | 4326 ||| Stepping ~*~*~tactically~*~*~ (stealth).
  4373 | Temple   | Entered the Ecumenical Temple
  4500 | Temple   | 4500 ||| PLANNING D:1-11
  4751 | D:6      | 4751 ||| Stepping ~*~*~tactically~*~*~ (hiding).
  4808 | D:6      | Noticed a yak
  4825 | D:6      | Killed a yak
  4826 | D:6      | Reached XP level 9. HP: 26/55 MP: 9/9
  4834 | D:6      | HP: 13/55 [yak (5)]
  4835 | D:6      | 4835 ||| READING scroll of teleportation.
  4836 | D:6      | 4836 ||| DRINKING 2 potions of heal wounds.
  5382 | D:6      | Reached skill level 9 in Axes
  5422 | D:6      | Found a hazy altar of Hepliaklqana.
  5448 | D:6      | 5448 ||| READING 2 scrolls labelled YROECEA ASESIP.
  5449 | D:6      | 5449 ||| DRINKING 2 ruby potions.
  5449 | D:6      | Gained mutation: Your body sometimes deteriorates upon
                  | taking damage. [potion of mutation]
  5449 | D:6      | Gained mutation: You occasionally lose the ability to drink
                  | potions when taking damage. [potion of mutation]
  5450 | D:6      | 5450 ||| DRINKING potion of mutation.
  5450 | D:6      | Lost mutation: Your body sometimes deteriorates upon taking
                  | damage. [potion of mutation]
  5450 | D:6      | Lost mutation: You occasionally lose the ability to drink
                  | potions when taking damage. [potion of mutation]
  5450 | D:6      | Gained mutation: Your body sometimes deteriorates upon
                  | taking damage. [potion of mutation]
  5450 | D:6      | Gained mutation: You are partially covered in iridescent
                  | scales. (AC +2) [potion of mutation]
  5451 | D:6      | 5451 ||| READING 2 scrolls of identify.
  5451 | D:6      | 5451 ||| IDENTIFYING viscous puce potion
  5452 | D:6      | 5452 ||| DROPPING scroll of poison.
  5502 | D:7      | 5502 ||| Stepping ~*~*~tactically~*~*~ (stealth).
  5504 | D:7      | 5504 ||| Stepping ~*~*~tactically~*~*~ (stealth).
  5506 | D:7      | 5506 ||| Stepping ~*~*~tactically~*~*~ (hiding).
  5507 | D:7      | 5507 ||| Stepping ~*~*~tactically~*~*~ (hiding).
  5517 | D:7      | 5517 ||| Stepping ~*~*~tactically~*~*~ (hiding).
  5518 | D:7      | 5518 ||| Stepping ~*~*~tactically~*~*~ (hiding).
  5629 | D:7      | 5629 ||| DROPPING +0 flail.
  5783 | D:7      | 5783 ||| Stepping ~*~*~tactically~*~*~ (hiding).
  5828 | D:7      | Reached skill level 6 in Armour
  5891 | D:7      | 5891 ||| Stepping ~*~*~tactically~*~*~ (hiding).
  6039 | D:7      | Found a basalt altar of Yredelemnul.
  6049 | D:7      | Reached skill level 10 in Axes
  6235 | D:7      | 6235 ||| Stepping ~*~*~tactically~*~*~ (stealth).
  6237 | D:7      | 6237 ||| Stepping ~*~*~tactically~*~*~ (stealth).
  6239 | D:7      | 6239 ||| Stepping ~*~*~tactically~*~*~ (hiding).
  6376 | D:7      | 6376 ||| Stepping ~*~*~tactically~*~*~ (stealth).
  6381 | D:7      | Reached XP level 10. HP: 62/64 MP: 10/10
  7018 | D:8      | Reached skill level 1 in Throwing
  7050 | D:8      | Noticed a two-headed ogre
  7058 | D:8      | Killed a two-headed ogre
  7200 | D:8      | 7200 ||| DROPPING +3 flail of freezing.
  7201 | D:8      | Noticed Pikel
  7211 | D:8      | Killed Pikel
  7212 | D:8      | Reached skill level 11 in Axes
  7212 | D:8      | 7212 ||| FLEEEEING.
  7213 | D:8      | 7213 ||| STAIRDANCE
  7247 | D:8      | 7247 ||| STAIRDANCE
  7323 | D:8      | 7323 ||| Stepping ~*~*~tactically~*~*~ (hiding).
  7327 | D:8      | 7327 ||| Stepping ~*~*~tactically~*~*~ (hiding).
  7450 | D:8      | 7450 ||| Stepping ~*~*~tactically~*~*~ (cloud).
  7702 | D:8      | 7702 ||| READING scroll labelled WASIGRURAN.
  7703 | D:8      | 7703 ||| DRINKING 2 murky orange potions.
  7704 | D:8      | 7704 ||| READING 2 scrolls of identify.
  7704 | D:8      | 7704 ||| IDENTIFYING amethyst potion
  7705 | D:8      | 7705 ||| DROPPING potion of berserk rage.
  7763 | D:9      | Noticed Joseph
  7774 | D:9      | HP: 8/64 [Joseph/+0 quarterstaff (19)]
  7775 | D:9      | 7775 ||| READING 3 scrolls of teleportation.
  7775 | D:9      | HP: 1/64 [Joseph/+0 quarterstaff (7)]
  7776 | D:9      | 7776 ||| DRINKING potion of heal wounds.
  7913 | D:9      | Noticed a kobold demonologist
  7938 | D:9      | Reached skill level 9 in Fighting
  7950 | D:9      | Killed a kobold demonologist
  8036 | D:9      | Noticed a two-headed ogre
  8046 | D:9      | Killed a two-headed ogre
  8047 | D:9      | Reached XP level 11. HP: 36/71 MP: 11/11
  8167 | D:9      | Found a transporter.
  8170 | D:9      | Noticed an eight-headed hydra
  8171 | D:9      | Noticed a centaur warrior
  8171 | D:9      | Noticed qw's ghost (novice MiHu)
  8199 | D:9      | Reached skill level 12 in Axes
  8337 | D:9      | 8337 ||| Stepping ~*~*~tactically~*~*~ (stealth).
  8346 | D:9      | Identified the +9 mace "Bimny" {freeze, Fly Will+ Str-2
                  | SInv}
  8356 | D:9      | 8356 ||| Stepping ~*~*~tactically~*~*~ (cloud).
  8358 | D:9      | 8358 ||| Stepping ~*~*~tactically~*~*~ (hiding).
  8404 | D:9      | Noticed Erica
  8405 | D:9      | 8405 ||| Stepping ~*~*~tactically~*~*~ (hiding).
  8406 | D:9      | 8406 ||| Stepping ~*~*~tactically~*~*~ (hiding).
  8407 | D:9      | 8407 ||| Stepping ~*~*~tactically~*~*~ (hiding).
  8408 | D:9      | 8408 ||| Stepping ~*~*~tactically~*~*~ (hiding).
  8409 | D:9      | 8409 ||| Stepping ~*~*~tactically~*~*~ (hiding).
  8411 | D:9      | 8411 ||| Stepping ~*~*~tactically~*~*~ (hiding).
  8435 | D:9      | Killed Erica
  8609 | D:9      | 8609 ||| FLEEEEING.
  8614 | D:9      | 8614 ||| FLEEEEING.
  8861 | D:9      | Identified the +6 war axe "Givoig" {drain, Dex+3}
  8873 | D:9      | Found a transporter.
  8910 | D:9      | Found an iron altar of Okawaru.
  8911 | D:9      | 8911 ||| PLANNING OKAWARU WORSHIP
  8911 | D:9      | 8911 ||| UPGRADING to +0 pair of gloves.
  8916 | D:9      | 8916 ||| READING scroll labelled LINLIU VYRPHIEN.
  8917 | D:9      | 8917 ||| READING scroll labelled DIRUKK PYAGIDA.
  8949 | D:9      | Became a worshipper of Warmaster Okawaru
  8950 | D:9      | 8950 ||| PLANNING D:1-11
  9086 | D:10     | Entered Level 10 of the Dungeon
  9103 | D:10     | 9103 ||| FLEEEEING.
  9104 | D:10     | 9104 ||| FLEEEEING.
  9105 | D:10     | 9105 ||| FLEEEEING.
  9106 | D:10     | 9106 ||| STAIRDANCE
  9173 | D:10     | 9173 ||| STAIRDANCE
  9178 | D:9      | Reached skill level 6 in Shields
  9241 | D:9      | Killed Joseph
  9346 | D:10     | Reached * piety under Okawaru
  9354 | D:10     | Found a staircase to the Lair.
  9357 | D:10     | 9357 ||| INVOKING Heroism.
  9469 | D:10     | Noticed an obsidian statue
  9470 | D:10     | 9470 ||| READING scroll labelled NATRUD FAUSU.
  9471 | D:10     | 9471 ||| READING 2 scrolls of identify.
  9471 | D:10     | 9471 ||| IDENTIFYING sapphire potion
  9531 | D:10     | Identified the +8 morningstar of Dung {freeze, rF+ Str+4}
  9533 | D:10     | 9533 ||| DROPPING +9 mace "Bimny" {freeze, Fly Will+ Str-2
                  | SInv}.
  9534 | D:10     | 9534 ||| DROPPING +0 morningstar.
  9580 | D:10     | Found an opulent altar of Gozag.
  9621 | D:10     | Found a staircase to the Orcish Mines.
  9739 | D:10     | Reached skill level 1 in Invocations
  9743 | D:10     | 9743 ||| INVOKING Heroism.
  9746 | D:10     | Reached skill level 9 in Armour
  9877 | D:10     | 9877 ||| Stepping ~*~*~tactically~*~*~ (hiding).
  9879 | D:10     | 9879 ||| Stepping ~*~*~tactically~*~*~ (hiding).
 10163 | D:10     | 10163 ||| PLANNING LAIR
 10163 | D:10     | 10163 ||| UPGRADING to +1 pair of boots.
 10173 | D:10     | 10173 ||| DROPPING +0 pair of boots.
 10174 | D:10     | 10174 ||| UPGRADING to +6 ring of dexterity.
 10188 | Lair:1   | Entered Level 1 of the Lair of Beasts
 10192 | Lair:1   | 10192 ||| STAIRDANCE
 10197 | Lair:1   | 10197 ||| STAIRDANCE
 10204 | D:10     | Reached skill level 3 in Invocations
 10206 | Lair:1   | 10206 ||| STAIRDANCE
 10216 | Lair:1   | 10216 ||| STAIRDANCE
 10218 | D:10     | 10218 ||| INVOKING Heroism.
 10222 | D:10     | Reached ** piety under Okawaru
 10223 | D:10     | Reached skill level 3 in Dodging
 10238 | Lair:1   | 10238 ||| STAIRDANCE
 10257 | Lair:1   | 10257 ||| INVOKING Heroism.
 10269 | Lair:1   | 10269 ||| Stepping ~*~*~tactically~*~*~ (stealth).
 10270 | Lair:1   | 10270 ||| Stepping ~*~*~tactically~*~*~ (stealth).
 10368 | Lair:1   | Identified the +4 dagger of Geonkiru {freeze, Str+6 Dex+6}
 10425 | Lair:1   | 10425 ||| READING scroll of enchant weapon.
 10425 | Lair:1   | 10425 ||| ENCHANTING +0 spectral war axe.
 10432 | Lair:1   | 10432 ||| INVOKING Heroism.
 10437 | Lair:1   | Reached XP level 12. HP: 77/77 MP: 12/15
 10473 | Lair:1   | 10473 ||| INVOKING Heroism.
 10836 | Lair:1   | Noticed Grum
 10837 | Lair:1   | 10837 ||| INVOKING Heroism.
 10849 | Lair:1   | Killed Grum
 10886 | Lair:1   | 10886 ||| Stepping ~*~*~tactically~*~*~ (stealth).
 10887 | Lair:1   | 10887 ||| Stepping ~*~*~tactically~*~*~ (stealth).
 10893 | Lair:1   | 10893 ||| FLEEEEING.
 10899 | Lair:1   | 10899 ||| INVOKING Heroism.
 11064 | Lair:1   | Noticed a catoblepas
 11065 | Lair:1   | 11065 ||| INVOKING Heroism.
 11070 | Lair:1   | Killed a catoblepas
 11071 | Lair:1   | Reached skill level 13 in Axes
 11200 | Lair:1   | 11200 ||| UPGRADING to +2 hat.
 11205 | Lair:1   | 11205 ||| READING scroll labelled JUMUUT VALLE.
 11206 | Lair:1   | 11206 ||| READING 3 scrolls of identify.
 11206 | Lair:1   | 11206 ||| IDENTIFYING fuming amethyst potion
 11207 | Lair:1   | 11207 ||| READING 2 scrolls of identify.
 11207 | Lair:1   | 11207 ||| IDENTIFYING sedimented grey potion
 11208 | Lair:1   | 11208 ||| DROPPING potion of invisibility.
 11352 | Lair:2   | Found a dark tunnel.
 11388 | Lair:2   | Reached *** piety under Okawaru
 11495 | Lair:2   | 11495 ||| Stepping ~*~*~tactically~*~*~ (stealth).
 11496 | Lair:2   | 11496 ||| Stepping ~*~*~tactically~*~*~ (stealth).
 11499 | Lair:2   | 11499 ||| Stepping ~*~*~tactically~*~*~ (stealth).
 11506 | Lair:2   | Received a gift from Okawaru
 11604 | Lair:2   | 11604 ||| Stepping ~*~*~tactically~*~*~ (stealth).
 11626 | Lair:2   | 11626 ||| FLEEEEING.
 11627 | Lair:2   | 11627 ||| FLEEEEING.
 11628 | Lair:2   | 11628 ||| FLEEEEING.
 11629 | Lair:2   | 11629 ||| FLEEEEING.
 11630 | Lair:2   | 11630 ||| FLEEEEING.
 11631 | Lair:2   | 11631 ||| FLEEEEING.
 11632 | Lair:2   | 11632 ||| FLEEEEING.
 11633 | Lair:2   | 11633 ||| FLEEEEING.
 11634 | Lair:2   | 11634 ||| FLEEEEING.
 11635 | Lair:2   | 11635 ||| FLEEEEING.
 11636 | Lair:2   | 11636 ||| FLEEEEING.
 11637 | Lair:2   | 11637 ||| FLEEEEING.
 11649 | Lair:2   | 11649 ||| FLEEEEING.
 11819 | Lair:2   | 11819 ||| Stepping ~*~*~tactically~*~*~ (stealth).
 11820 | Lair:2   | 11820 ||| Stepping ~*~*~tactically~*~*~ (stealth).
 11821 | Lair:2   | 11821 ||| Stepping ~*~*~tactically~*~*~ (stealth).
 11826 | Lair:2   | 11826 ||| Stepping ~*~*~tactically~*~*~ (hiding).
 11989 | Lair:2   | 11989 ||| Stepping ~*~*~tactically~*~*~ (hiding).
 12153 | Lair:2   | 12153 ||| Stepping ~*~*~tactically~*~*~ (stealth).
 12161 | Lair:2   | 12161 ||| INVOKING Heroism.
 12168 | Lair:2   | Reached skill level 14 in Axes
 12178 | Lair:2   | Received a gift from Okawaru
 12406 | Lair:2   | 12406 ||| READING scroll labelled JARUXU UHIUW.
 12407 | Lair:2   | 12407 ||| READING 2 scrolls of identify.
 12407 | Lair:2   | 12407 ||| IDENTIFYING smoky blue potion
 12408 | Lair:2   | 12408 ||| DROPPING potion of degeneration.
 12418 | Lair:3   | 12418 ||| INVOKING Heroism.
 12441 | Lair:3   | 12441 ||| Stepping ~*~*~tactically~*~*~ (stealth).
 12446 | Lair:3   | 12446 ||| INVOKING Heroism.
 12689 | Lair:3   | Found a staircase to the Shoals.
 12868 | Lair:3   | Found a staircase to the Snake Pit.
 12869 | Lair:3   | 12869 ||| Stepping ~*~*~tactically~*~*~ (hiding).
 12877 | Lair:3   | Reached **** piety under Okawaru
 12878 | Lair:3   | 12878 ||| FLEEEEING.
 13091 | Lair:3   | Noticed a skyshark
 13099 | Lair:3   | Killed a skyshark
 13100 | Lair:3   | Reached XP level 13. HP: 73/84 MP: 16/16
 13148 | Lair:3   | 13148 ||| Stepping ~*~*~tactically~*~*~ (stealth).
 13492 | Lair:4   | Identified the +2 leather armour of Calculation {Harm}
 13557 | Lair:4   | Received a gift from Okawaru
 13627 | Lair:4   | Identified the +10 hand axe of Prudence {heavy, rF+ rC+}
 13742 | Lair:4   | 13742 ||| Stepping ~*~*~tactically~*~*~ (stealth).
 13743 | Lair:4   | 13743 ||| Stepping ~*~*~tactically~*~*~ (stealth).
 13920 | Lair:4   | 13920 ||| INVOKING Heroism.
 13924 | Lair:4   | 13924 ||| Stepping ~*~*~tactically~*~*~ (stealth).
 13936 | Lair:4   | Reached skill level 6 in Invocations
 13938 | Lair:4   | 13938 ||| INVOKING Heroism.
 13948 | Lair:4   | HP: 18/84 [death yak (7)]
 13949 | Lair:4   | 13949 ||| READING 4 scrolls of teleportation.
 13950 | Lair:4   | 13950 ||| DRINKING potion of heal wounds.
 14080 | Lair:4   | 14080 ||| INVOKING Heroism.
 14304 | Lair:4   | 14304 ||| INVOKING Heroism.
 14306 | Lair:4   | 14306 ||| Stepping ~*~*~tactically~*~*~ (stealth).
 14326 | Lair:4   | 14326 ||| INVOKING Heroism.
 14831 | Lair:5   | Entered Level 5 of the Lair of Beasts
 14845 | Lair:5   | Found a white marble altar of Elyvilon.
 14882 | Lair:5   | 14882 ||| INVOKING Heroism.
 15130 | Lair:5   | Reached ***** piety under Okawaru
 15139 | Lair:5   | 15139 ||| INVOKING Heroism.
 15157 | Lair:5   | Found a viscous altar of Jiyva.
 15157 | Lair:5   | Found a staircase to the Slime Pits.
 15196 | Lair:5   | 15196 ||| INVOKING Heroism.
 15258 | Lair:5   | 15258 ||| INVOKING Heroism.
 15354 | Lair:5   | Reached skill level 15 in Axes
 15386 | Lair:5   | 15386 ||| Stepping ~*~*~tactically~*~*~ (stealth).
 15387 | Lair:5   | 15387 ||| Stepping ~*~*~tactically~*~*~ (stealth).
 15388 | Lair:5   | 15388 ||| Stepping ~*~*~tactically~*~*~ (stealth).
 15389 | Lair:5   | 15389 ||| Stepping ~*~*~tactically~*~*~ (stealth).
 15397 | Lair:5   | 15397 ||| Stepping ~*~*~tactically~*~*~ (stealth).
 15487 | Lair:5   | Received a gift from Okawaru
 15493 | Lair:5   | Reached skill level 9 in Invocations
 15498 | Lair:5   | 15498 ||| FLEEEEING.
 15499 | Lair:5   | 15499 ||| FLEEEEING.
 15500 | Lair:5   | 15500 ||| FLEEEEING.
 15501 | Lair:5   | 15501 ||| FLEEEEING.
 15502 | Lair:5   | 15502 ||| FLEEEEING.
 15503 | Lair:5   | 15503 ||| FLEEEEING.
 15504 | Lair:5   | 15504 ||| FLEEEEING.
 15505 | Lair:5   | 15505 ||| FLEEEEING.
 15506 | Lair:5   | 15506 ||| FLEEEEING.
 15507 | Lair:5   | 15507 ||| FLEEEEING.
 15508 | Lair:5   | 15508 ||| FLEEEEING.
 15509 | Lair:5   | 15509 ||| STAIRDANCE
 15538 | Lair:4   | 15538 ||| UPGRADING to ring of protection from fire.
 15691 | Lair:5   | 15691 ||| INVOKING Heroism.
 15725 | Lair:5   | Gained mutation: Your large and strong wings let you fly.
                  | [Gargoyle growth]
 15725 | Lair:5   | Reached XP level 14. HP: 90/90 MP: 21/21
 15751 | Lair:5   | 15751 ||| INVOKING Heroism.
 15752 | Lair:5   | 15752 ||| SWAPPING to +8 morningstar of Dung {freeze, rF+
                  | Str+4}.
 15753 | Lair:5   | 15753 ||| INVOKING Finesse.
 15759 | Lair:5   | 15759 ||| SWAPPING to +1 spectral war axe.
 15849 | Lair:5   | Identified the +7 dagger of Hynek {drain, rN+ rCorr}
 15868 | Lair:5   | 15868 ||| INVOKING Heroism.
 15869 | Lair:5   | 15869 ||| INVOKING Finesse.
 15886 | Lair:5   | Reached skill level 12 in Fighting
 15983 | Lair:5   | 15983 ||| INVOKING Heroism.
 15987 | Lair:5   | 15987 ||| SWAPPING to +8 morningstar of Dung {freeze, rF+
                  | Str+4}.
 15991 | Lair:5   | 15991 ||| SWAPPING to +1 spectral war axe.
 15993 | Lair:5   | 15993 ||| SWAPPING to +8 morningstar of Dung {freeze, rF+
                  | Str+4}.
 15994 | Lair:5   | 15994 ||| SWAPPING to +1 spectral war axe.
 15996 | Lair:5   | 15996 ||| SWAPPING to +8 morningstar of Dung {freeze, rF+
                  | Str+4}.
 15999 | Lair:5   | 15999 ||| SWAPPING to +1 spectral war axe.
 16001 | Lair:5   | 16001 ||| SWAPPING to +8 morningstar of Dung {freeze, rF+
                  | Str+4}.
 16003 | Lair:5   | 16003 ||| SWAPPING to +1 spectral war axe.
 16005 | Lair:5   | 16005 ||| SWAPPING to +8 morningstar of Dung {freeze, rF+
                  | Str+4}.
 16007 | Lair:5   | 16007 ||| SWAPPING to +1 spectral war axe.
 16008 | Lair:5   | HP: 21/92 [death yak (7)]
 16009 | Lair:5   | 16009 ||| READING 4 scrolls of teleportation.
 16010 | Lair:5   | 16010 ||| SWAPPING to +8 morningstar of Dung {freeze, rF+
                  | Str+4}.
 16011 | Lair:5   | 16011 ||| SWAPPING to +1 spectral war axe.
 16013 | Lair:5   | 16013 ||| SWAPPING to +8 morningstar of Dung {freeze, rF+
                  | Str+4}.
 16013 | Lair:5   | HP: 16/92 [cane toad (3)]
 16014 | Lair:5   | 16014 ||| SWAPPING to +1 spectral war axe.
 16016 | Lair:5   | 16016 ||| READING 3 scrolls of teleportation.
 16017 | Lair:5   | 16017 ||| SWAPPING to +8 morningstar of Dung {freeze, rF+
                  | Str+4}.
 16018 | Lair:5   | HP: 11/92 [seven-headed hydra (1)]
 16018 | Lair:5   | Slain by a death yak

Levels and vault maps discovered:
D:1:      onia_arrival_mini_maze_b, layout_rooms,
          hellmonk_ecumenical_altar_lost_god
D:2:      layout_rooms, basic_altar, uniq_jessica
D:3:      minmay_recursive_quarters, layout_loops_ring
D:4:      layout_loops_ring
D:5:      layout_cave_pools, lemuel_crystal_altar
D:6:      cheibrodos_quashed, layout_loops_corners, nzn_hepliaklqana_mist_gate,
          minmay_temple_entry_sparse_star, serial_shops,
          nicolae_shop_advertising_works [nicolae_subvault_shop_adworks],
          lemuel_flamethrower_2
D:7:      layout_layer_cave, lemuel_mausoleum_altar_yredelemnul,
          minmay_fountain_box
D:8:      layout_basic, nicolae_twisty_statue_hallways, uniq_pikel
D:9:      layout_roguey, okawaru_trees_1, nzn_ghost_randoct, uniq_erica,
          uniq_joseph
D:10:     layout_roguey, mainiacjoe_overflow_boulevard,
          due_lair_maze_entry_diamond, minmay_statue_bubble
Temple:   minmay_crystal_spiral_temple
Lair:1:   wad_woods_tower, layout_regular_city, uniq_grum
Lair:2:   layout_roguey, enter_volcano_4
Lair:3:   layout_regular_city, elwin_shoals_entry_rocks,
          nicolae_snake_entry_warm_welcome, minivault_11
Lair:4:   layout_layer_cave
Lair:5:   hangedman_lair_in_review, layout_big_grid, dpeg_slime_entry_corner,
          basic_altar

Skill      XL: |  1  2  3  4  5  6  7  8  9 10 11 12 13 14 |
---------------+-------------------------------------------+-----
Axes           | 2 3 4 5 6 7 8 10 11 12 14 15 | 15.1
Fighting       | 4 6 8 9 10 11 12 | 12.0
Dodging        | 1 3 4 |  4.0
Armour         | 4 5 6 7 9 10 | 10.1
Shields        | 4 5 6 7 |  7.3
Throwing       | 1 2 |  2.0
Invocations    | 4 9 10 | 10.1

Action                     |  1- 3 |  4- 6 |  7- 9 | 10-12 | 13-15 || total
---------------------------+-------+-------+-------+-------+-------++-------
  Melee: War axe           |    88 |    95 |   225 |   455 |   244 ||  1107
         Morningstar       |       |       |       |       |    13 ||    13
  Throw: Boomerang         |       |     6 |       |    99 |    71 ||   176
 Invoke: Heroism           |       |       |       |    12 |    13 ||    25
         Finesse           |       |       |       |       |     2 ||     2
    Use: Scroll            |     5 |     1 |     6 |    13 |     3 ||    28
         Potion            |       |     2 |     4 |     2 |     1 ||     9
   Stab: Distracted        |     1 |     1 |       |     6 |     7 ||    15
 Armour: Scale mail        |    16 |       |       |       |       ||    16
         Chain mail        |    20 |    36 |    10 |       |       ||    66
         Plate armour      |       |       |    97 |   253 |   123 ||   473
  Dodge: Dodged            |    37 |    21 |    48 |   118 |    59 ||   283
  Block: Buckler           |    17 |    12 |    40 |    93 |    49 ||   211

Table legend:
 A = Non-vault XP
 B = Vault XP
 C = Vault XP percentage of total XP
 D = Non-vault monster count
 E = Vault monster count
 F = Vault count percentage of total count
                 A         B        C        D         E       F
            +---------+---------+-------+---------+---------+-------
      Total |   46670 |   15197 |  24.6 |     335 |      68 |  16.9
            +---------+---------+-------+---------+---------+-------
        D:1 |      38 |       1 |   2.6 |      22 |       1 |   4.3
        D:2 |      40 |      37 |  48.1 |      14 |       1 |   6.7
        D:3 |     104 |      12 |  10.3 |      21 |       7 |  25.0
        D:4 |     521 |       0 |   0.0 |      32 |       0 |   0.0
        D:5 |     612 |       0 |   0.0 |      24 |       0 |   0.0
        D:6 |    1398 |       0 |   0.0 |      15 |       0 |   0.0
        D:7 |    1553 |     769 |  33.1 |      30 |      12 |  28.6
        D:8 |    1768 |     651 |  26.9 |      18 |       1 |   5.3
        D:9 |    3247 |    2099 |  39.3 |      21 |       5 |  19.2
       D:10 |    3023 |    1010 |  25.0 |      21 |       9 |  30.0
     Lair:1 |    4433 |    1312 |  22.8 |      15 |       9 |  37.5
     Lair:2 |    5866 |       0 |   0.0 |      25 |       0 |   0.0
     Lair:3 |    3504 |     670 |  16.1 |      17 |       4 |  19.0
     Lair:4 |    8516 |       0 |   0.0 |      20 |       0 |   0.0
     Lair:5 |   12047 |    8636 |  41.8 |      40 |      19 |  32.2
            +---------+---------+-------+---------+---------+-------
